 Dungeon Crawl Stone Soup version 0.17-a0-2069-g0f4ee5b (webtiles) character file.

12775 pk666 the Severer (level 11, -4/106 HPs)
             Began as a Minotaur Fighter on Oct 14, 2015.
             Was a High Priest of Okawaru.
             Slain by a death yak (5 damage)
             ... on level 3 of the Lair of Beasts.
             The game lasted 00:29:22 (10756 turns).

pk666 the Severer (Minotaur Fighter)               Turns: 10756, Time: 00:29:23

Health: -4/106     AC: 17    Str: 23    XL:     11   Next: 66%
Magic:  13/13      EV:  9    Int:  7    God:    Okawaru [*****.]
Gold:   550        SH:  0    Dex: 11    Spells: 0 memorised, 10 levels left

rFire  . . .     SeeInvis .     w - +2 battleaxe (chop)
rCold  + + .     Clarity  .     d - +6 scale mail "Watiest" {rPois rC+ rN+ Int+2}
rNeg   + . .     SustAt   .     (no shield)
rPois  +         Gourm    .     (helmet restricted)
rElec  .         Spirit   .     n - +0 cloak
rCorr  .         Warding  .     I - +0 pair of gloves
rMut   .         Stasis   .     f - +0 pair of boots
MR     .....                    (no amulet)
Stlth  ..........               C - ring of protection from cold
                                (no ring)

@: not resistant to hostile enchantments, extremely unstealthy
A: retaliatory headbutt, horns 2
a: Heroism, Finesse, Renounce Religion


You were on level 3 of the Lair of Beasts.
You worshipped Okawaru.
Okawaru was extremely pleased with you.
You were not hungry.

You visited 3 branches of the dungeon, and saw 12 of its levels.

You collected 550 gold pieces.

Inventory:

Hand Weapons
 w - a +2 battleaxe of chopping (weapon)
 J - the +5 war axe "Utziygriona" {chop, +Inv}
   (You found it on level 1 of the Lair of Beasts)

   It inflicts extra damage upon your enemies.
   It lets you turn invisible.
Armour
 d - the +6 scale mail "Watiest" (worn) {rPois rC+ rN+ Int+2}
   (You found it on level 6 of the Dungeon)

   It affects your intelligence (+2).
   It protects you from cold.
   It protects you from poison.
   It protects you from negative energy.
 f - a +0 pair of boots (worn)
 m - a +0 plate armour
 n - a +0 cloak (worn)
 I - a +0 pair of gloves (worn)
Jewellery
 k - an uncursed ring of wizardry
 C - a ring of protection from cold (right hand)
 G - the ring "Qipyumn" {+/*Tele rC+ Str+2 Int+2, unknown}
   (You found it on level 2 of the Lair of Beasts)

   [ring of teleportation]

   It may teleport you to nearby monsters, and can be evoked to randomly
   teleport.
   It affects your strength (+2).
   It affects your intelligence (+2).
   It protects you from cold.
Wands
 b - a wand of lightning (9)
 i - a wand of slowing (37)
 t - a wand of slowing (23)
Scrolls
 a - 3 scrolls of teleportation {unknown}
 c - a scroll of amnesia {unknown}
 e - 8 scrolls of identify
 o - a scroll of immolation {unknown}
 v - a scroll of enchant armour {unknown}
 y - a scroll of magic mapping
 z - 2 scrolls of remove curse
 F - 2 scrolls of fog {unknown}
 H - a scroll of fear {unknown}
 K - a scroll of noise {unknown}
 M - a scroll of acquirement {unknown}
 N - a scroll of summoning {unknown}
Potions
 g - 3 potions of lignification {unknown}
 j - a potion of heal wounds
 l - a potion of brilliance {unknown}
 p - 5 potions of curing
 s - 3 potions of invisibility
 u - a potion of haste {unknown}
 A - a potion of poison {unknown}
 B - a potion of resistance {unknown}
 L - a potion of mutation {unknown}
Books
 h - a book of Transfigurations

   Spells                             Type                      Level
   a - Stoneskin                      Transmutation/Earth          2
   b - Irradiate                      Conjuration/Transmutation    5
   c - Statue Form                    Transmutation/Earth          6
   d - Hydra Form                     Transmutation                6
   e - Dragon Form                    Transmutation                7
Comestibles
 q - 10 beef jerkies
 r - 4 fruits
 x - 8 bread rations
 D - a royal jelly
 E - 2 meat rations
 O - 3 chunks of flesh


   Skills:
 + Level 12.9 Fighting
 * Level 15.6 Axes
 - Level 6.9 Armour
   Level 3.6 Shields
 + Level 5.1 Invocations


You had 10 spell levels left.
You didn't know any spells.

Dungeon Overview and Level Annotations

Branches:
Dungeon (8/15)             Temple (1/1) D:4            Lair (3/8) D:8
 Spider (0/4) Lair:3
  Swamp: Lair:3-6    Shoals: Lair:3-6

Altars:
Ashenzari
Cheibriados
Dithmenos
Elyvilon
Fedhas
Gozag
Kikubaaqudgha
Makhleb
Nemelex Xobeh
Okawaru
Qazlal
Ru
Sif Muna
Trog
Vehumet
Xom
Yredelemnul
Zin
The Shining One

Shops:
D:7 %   D:8 (


Innate Abilities, Weirdness & Mutations

You reflexively headbutt those who attack you in melee.
You have a pair of horns on your head.


Message History

You continue eating.
The death yak bellows!
You continue eating.
You chop the death yak into pieces!!!
The death yak is heavily wounded.
You hear a bellow!
The death yak gores you.
A death yak comes into view.
You barely miss the death yak. Your headbutt misses the death yak.
The death yak is heavily wounded.
You barely miss the death yak. You hit the death yak but do no damage.
The death yak gores you. The death yak gores you! The death yak gores you!!
* * * LOW HITPOINT WARNING * * *
The death yak gores you!
* * * LOW HITPOINT WARNING * * *
The death yak gores you!
* * * LOW HITPOINT WARNING * * *
The death yak gores you.
You die...

#................ ####
######...............
#....##.#.##...............
..P##P.................)........
..............................P#
≈≈≈.≈≈≈.........................
.≈≈.≈≈.≈.................(.....P
≈.≈.≈.≈≈.....#.Y................
≈≈...≈≈≈......Y@................
...>....†.....YYY..............[
≈≈...≈≈≈††.Y..............#.....
≈.≈.≈.≈≈....####...#..##.#......
.≈≈.≈≈.≈.÷P## #P.#.#######P....
≈≈≈.≈≈≈..### ###.## #..#..
....#≈#### ### ###.#. ..P.##
###. ### #.


You could see 6 death yaks.

Vanquished Creatures
  The ghost of pk666 the Protected, a novice MiFi (D:7)
  Sonja (Lair:2)
  A black mamba (Lair:3)
  4 spiny frogs
  4 komodo dragons
  Grinder (D:3)
  11 blink frogs
  4 basilisks
  Eustachio (D:4)
  A yak (D:8)
  2 hippogriffs (Lair:2)
  A hungry ghost (D:8)
  Menkaure (D:4)
  9 porcupines
  8 spiders (Lair:3)
  8 water moccasins
  A phantom (D:8)
  3 centaurs
  4 ogres
  3 orc warriors
  5 crocodiles
  6 giant frogs
  A scorpion (D:4)
  A wyvern skeleton (D:6)
  A crimson imp (D:5)
  15 orc wizards
  A centaur zombie (D:8)
  Ijyb (D:3)
  3 hounds
  4 iguanas
  2 centaur skeletons
  8 orc priests
  2 worker ants
  A hound zombie (D:5)
  6 gnolls
  12 adders
  12 river rats
  A shadow imp (D:6)
  An ooze (D:2)
  2 adder skeletons
  4 worms
  6 giant geckos
  39 orcs
  7 bats
  6 giant cockroaches
  9 goblins
  13 hobgoblins
  7 jackals (D:1)
  5 kobolds
  5 quokkas
  4 giant newts
  A jackal zombie (D:5)
  2 quokka skeletons
  4 rats
  A plant (D:5)
267 creatures vanquished.

Notes
Turn   | Place    | Note
--------------------------------------------------------------
     0 | D:1      | pk666 the Minotaur Fighter began the quest for the Orb.
     0 | D:1      | Reached XP level 1. HP: 19/19 MP: 0/0
   196 | D:1      | Reached skill level 4 in Fighting
   198 | D:1      | Reached XP level 2. HP: 27/27 MP: 1/1
   742 | D:2      | Reached XP level 3. HP: 33/33 MP: 2/2
  1010 | D:2      | Reached XP level 4. HP: 36/41 MP: 3/3
  1253 | D:2      | Reached skill level 5 in Fighting
  1599 | D:3      | Reached XP level 5. HP: 44/48 MP: 4/4
  1616 | D:3      | Reached skill level 5 in Armour
  1643 | D:3      | Noticed Grinder
  1646 | D:3      | Paralysed by Grinder for 3 turns
  1652 | D:3      | Paralysed by Grinder for 5 turns
  1677 | D:3      | Killed Grinder
  1677 | D:3      | Reached skill level 6 in Fighting
  1677 | D:3      | Reached skill level 5 in Axes
  1677 | D:3      | Reached XP level 6. HP: 37/57 MP: 5/5
  2027 | D:3      | Noticed Ijyb
  2038 | D:3      | Killed Ijyb
  2214 | D:3      | Found a stormy altar of Qazlal.
  2331 | D:4      | Reached XP level 7. HP: 58/64 MP: 6/6
  2418 | D:4      | Noticed Eustachio
  2445 | D:4      | Killed Eustachio
  2558 | D:4      | Noticed Menkaure
  2565 | D:4      | Killed Menkaure
  2565 | D:4      | Reached skill level 7 in Fighting
  2803 | D:4      | Found a staircase to the Ecumenical Temple.
  2828 | Temple   | Entered the Ecumenical Temple
  2856 | Temple   | Became a worshipper of Warmaster Okawaru
  3336 | D:5      | Entered Level 5 of the Dungeon
  3415 | D:5      | Reached skill level 1 in Invocations
  3417 | D:5      | Reached XP level 8. HP: 63/73 MP: 6/8
  3741 | D:5      | Reached skill level 8 in Fighting
  3807 | D:5      | Reached * piety under Okawaru
  4518 | D:6      | You fall through a shaft!
  4537 | D:7      | Reached skill level 9 in Fighting
  4625 | D:6      | Reached ** piety under Okawaru
  4685 | D:6      | Reached XP level 9. HP: 29/83 MP: 10/10
  5269 | D:6      | Got a fine scale mail
  5280 | D:6      | Identified the +6 scale mail "Watiest" {rPois rC+ rN+ Int+2} (You found it on level 6 of the Dungeon)
  5679 | D:7      | Noticed pk666's ghost (novice MiFi)
  5946 | D:7      | Killed pk666's ghost
  5946 | D:7      | Reached *** piety under Okawaru
  5946 | D:7      | Reached skill level 10 in Fighting
  5946 | D:7      | Reached skill level 10 in Axes
  6000 | D:7      | Found Efruhupt's Food Boutique.
  6088 | D:7      | Reached skill level 11 in Axes
  6372 | D:8      | Found a staircase to the Lair.
  6392 | D:8      | Reached XP level 10. HP: 32/94 MP: 11/11
  6394 | D:8      | Reached **** piety under Okawaru
  6394 | D:8      | Reached skill level 12 in Axes
  6706 | D:8      | Found Reurr's Weapon Emporium.
  7382 | Lair:1   | Entered Level 1 of the Lair of Beasts
  7488 | Lair:1   | Got a twisted war axe
  7489 | Lair:1   | Identified the +5 war axe "Utziygriona" {chop, +Inv} (You found it on level 1 of the Lair of Beasts)
  7629 | Lair:1   | Reached skill level 13 in Axes
  8270 | Lair:1   | Reached ***** piety under Okawaru
  8281 | Lair:1   | Reached skill level 14 in Axes
  8809 | Lair:1   | Reached XP level 11. HP: 71/104 MP: 12/12
  9305 | Lair:2   | Noticed Sonja
  9311 | Lair:2   | Killed Sonja
  9525 | Lair:2   | Got a scorched tin ring
  9779 | Lair:2   | Received a gift from Okawaru
  9913 | Lair:3   | Reached skill level 15 in Axes
 10573 | Lair:3   | Found a hole to the Spider Nest.
 10579 | Lair:3   | Reached skill level 5 in Invocations
 10740 | Lair:3   | Noticed a death yak
 10740 | Lair:3   | Noticed a death yak
 10740 | Lair:3   | Noticed a death yak
 10741 | Lair:3   | Noticed a death yak
 10742 | Lair:3   | Noticed a death yak
 10755 | Lair:3   | Noticed a death yak
 10756 | Lair:3   | HP: 1/106 [death yak (14)]
 10756 | Lair:3   | Slain by a death yak

Vault maps used:
D:1:      dpeg_arrival_rooms_c, serial_bayou_crossing
D:2:      minmay_crystal_room
D:3:      kennysheep_six_static_rooms, grunt_qazlal_sundering, uniq_grinder,
          uniq_iyjb
D:4:      minmay_temple_entry_large_hall, first_bread, uniq_eustachio,
          uniq_menkaure
D:5:      wad_woods_settlement
D:7:      serial_shops, shop, grunt_ogre_cave
D:8:      dpeg_lair_monsters, serial_shops,
          nicolae_shop_temple_entry_statues_fountains
Temple:   grunt_circular_temple_18
Lair:1:   grunt_megastairs_4
Lair:2:   grunt_megastairs_5, uniq_sonja
Lair:3:   spider_nest_entry_a

Action                   |  1- 3 |  4- 6 |  7- 9 | 10-12 || total
-------------------------+-------+-------+-------+-------++-------
Melee: War axe           |    87 |   108 |   143 |     6 ||   344
       Battleaxe         |       |       |   150 |   216 ||   366
Invok: Heroism           |       |       |     2 |     2 ||     4
  Use: Scroll            |       |     5 |     3 |     2 ||    10
       Potion            |       |       |     1 |     1 ||     2
  Eat: Chunk             |     1 |     4 |    12 |    13 ||    30
       Fruit             |       |       |     1 |     1 ||     2
       Pizza             |       |       |     1 |       ||     1
